 Dungeon Crawl Stone Soup version 0.25-a0-41-g6cf4ce5 (webtiles) character file.

Game seed: 8325347083465824255, levelgen mode: deterministic

3477 BoppinsLewinski the Spear-Bearer (level 10, -6/54 HPs)
             Began as a Tengu Gladiator on Oct 21, 2019.
             Was a Believer of Hepliaklqana.
             Killed from afar by an electric eel (11 damage)
             ... with a bolt of electricity
             ... on level 8 of the Dungeon.
             The game lasted 00:22:06 (7304 turns).

BoppinsLewinski the Spear-Bearer (Tengu Gladiator)  Turns: 7304, Time: 00:22:07

Health: -6/54      AC: 15    Str: 18    XL:     10   Next: 6%
Magic:  13/13      EV: 11    Int:  3    God:    Hepliaklqana [**....]
Gold:   416        SH:  0    Dex: 20    Spells: 9/9 levels left

rFire    + . .     SeeInvis .   d - +0 scythe
rCold    + . .     Gourm    .   (shield currently unavailable)
rNeg     . . .     Faith    .   k - +0 plate armour
rPois    +         Spirit   .   c - +0 hat
rElec    .         Reflect  .   (no cloak)
rCorr    .         Harm     .   n - +1 pair of gloves of the Snail {rPois rC+ Int-5 Dex+4}
MR       .....                  (boots unavailable)
Stlth    ..........             (no amulet)
HPRegen  0.18/turn              (no ring)
MPRegen  0.13/turn              l - ring of protection from fire

@: flying quickly and evasively, quick
A: reduced essence, beak, talons 3, able to fly
a: Stop Flying, Recall Ancestor, Ancestor Identity, Renounce Religion


You were on level 8 of the Dungeon.
You worshipped Hepliaklqana.
Hepliaklqana was pleased with you.
You were hungry.

You visited 2 branches of the dungeon, and saw 9 of its levels.

You collected 416 gold pieces.

Inventory:

Hand Weapons
 d - a +0 scythe (weapon)
Armour
 c - a +0 hat (worn)
 k - a +0 plate armour (worn)
 n - the +1 pair of gloves of the Snail (worn) {rPois rC+ Int-5 Dex+4}
   (You found it on level 7 of the Dungeon)

   It affects your intelligence (-5).
   It affects your dexterity (+4).
   It protects you from cold.
   It protects you from poison.
Jewellery
 l - a ring of protection from fire (right hand)
Wands
 j - a wand of digging (14)
Scrolls
 a - a scroll of identify
 g - a scroll of magic mapping
 h - 3 scrolls of remove curse
 m - 3 scrolls of teleportation
 p - 3 scrolls of enchant armour
 q - a scroll of immolation
Potions
 i - a potion of haste {unknown}
 o - a potion of ambrosia {unknown}
Comestibles
 b - 3 chunks of flesh
 f - 12 rations


   Skills:
 + Level 6.1 Fighting
 * Level 9.8 Polearms
 - Level 2.0 Throwing
 + Level 6.2 Armour
 + Level 7.3 Dodging
 + Level 2.8 Invocations
 + Level 2.6 Evocations


You had 9 spell levels left.
You didn't know any spells.
Your spell library contained the following spells:

 Spells                   Type           Power        Failure   Level  Hunger
 Animate Skeleton         Necr           N/A          100%        1    ##.....
 Apportation              Tloc           #.....       100%        1    ##.....
 Confusing Touch          Hex            #.....       100%        1    ##.....
 Summon Small Mammal      Summ           #...         100%        1    ##.....


Dungeon Overview and Level Annotations

Branches:
Dungeon (8/15)             Temple (1/1) D:5
   Lair: D:8-11

Altars:
Ashenzari
Cheibriados
Dithmenos
Elyvilon
Gozag
Hepliaklqana
Kikubaaqudgha
Makhleb
Nemelex Xobeh
Okawaru
Qazlal
Ru
Sif Muna
Trog
Uskayaw
Vehumet
Wu Jian
Xom
Yredelemnul
Zin
The Shining One

Shops:
D:5 =   D:6 !


Innate Abilities, Weirdness & Mutations

You have a beak for a mouth.
You have claws for feet.
You can fly continuously.
Your life essence is reduced to manifest your ancestor. (-10% HP)


Message History

Tha bolt o' electricity hits tha plant!
Tha bolt o' electricity hits ye.
* * * LOW HITPOINT WARNIN'
* * * Tha adder bites ye but does nay damage.
Ye feel better.
Tha adder closely misses ye.
Ye slash tha adder!
Ye kill tha adder!
Ye be feelin' hungry.
Mephry hits tha electric eel wit' a +0 quarterstaff.
Tha electric eel shoots out a bolt o' lightnin' at ye!
Tha bolt o' electricity hits tha plant!
Tha plant be destroyed!
Tha bolt o' electricity hits tha plant.
Tha bolt o' electricity hits ye!
* * * LOW HITPOINT WARNIN'
* * * Mephry casts a spell at tha electric eel.
Tha puff o' frost misses tha electric eel.
Tha electric eel shoots out a bolt o' lightnin' at ye!
Tha bolt o' electricity hits tha plant!
Tha plant be destroyed!
Tha bolt o' electricity hits ye!
Ye die...

##### ##P..P
##.≈P≈ #P.P≈ #
#)P≈ P## ##P≈♣♣♣
≈P.
#####P≈≈♣≈♣≈≈
#..<.P≈@≈♣P♣♣≈.P
#...P.≈♣≈≈≈PP♣
#...PP≈♣PP≈.≈;♣
#...PP≈≈≈.P.R≈≈P
#...≈≈♣P≈.#...≈≈
#...PP≈P....#.≈♣
#...≈♣≈≈...##.P≈
###.P≈≈P..(.# ≈
#.≈≈≈†....## P≈


You could see the friendly Mephry the battlemage and an electric eel.

Vanquished Creatures
  Pikel (D:6)
  Eustachio (D:4)
  Sigmund (D:4)
  Edmund (D:4)
  Duvessa (D:6)
  A water moccasin (D:5)
  2 black bears (D:7)
  2 ogres (D:4)
  2 centaurs
  A gnoll sergeant (D:7)
  Dowan (D:6)
  3 scorpions
  2 howler monkeys
  An electric eel (D:8)
  A crimson imp (D:5)
  A centaur zombie (D:5)
  2 jellies
  3 orc priests (D:4)
  A hound (D:4)
  3 orc wizards
  5 worker ants
  2 hound skeletons
  4 gnolls
  2 worker ant zombies
  10 adders
  2 river rats (D:3)
  3 worms
  An adder zombie (D:6)
  2 dart slugs
  5 leopard geckos
  10 orcs
  5 giant cockroaches
  8 goblins
  8 hobgoblins
  11 jackals
  2 quokkas
  2 ball pythons (D:3)
  9 bats
  A frilled lizard (D:1)
  A jackal skeleton (D:7)
  14 kobolds
  A leopard gecko zombie (D:7)
  7 rats
146 creatures vanquished.

Vanquished Creatures (collateral kills)
  A hippogriff (D:8)
  Menkaure (D:6)
  A sky beast (D:8)
  2 bullfrogs
  A hound (D:7)
  A jelly (D:7)
  An orc priest (D:8)
  3 orc wizards
  2 adders (D:7)
  A gnoll (D:7)
  A shadow imp (D:6)
  An adder skeleton (D:7)
  A leopard gecko (D:8)
  An orc (D:5)
  A quokka (D:7)
  2 plants (D:8)
21 creatures vanquished.

Vanquished Creatures (others)
  An ancestor (D:6)
  A giant cockroach zombie (D:6)
  2 plants (D:8)
4 creatures vanquished.

Grand Total: 171 creatures vanquished

Notes
Turn   | Place    | Note
-------+----------+-------------------------------------------
     0 | D:1      | BoppinsLewinski the Tengu Gladiator began the quest for the
                  | Orb.
     0 | D:1      | Reached XP level 1. HP: 12/12 MP: 2/2
   143 | D:1      | Reached XP level 2. HP: 16/17 MP: 3/3
   231 | D:1      | Reached skill level 1 in Armour
   285 | D:1      | Reached XP level 3. HP: 17/21 MP: 4/4
   406 | D:1      | Reached skill level 4 in Polearms
   697 | D:2      | Reached XP level 4. HP: 24/27 MP: 5/5
   710 | D:2      | Found a sparkling altar of Nemelex Xobeh.
  1412 | D:3      | Gained mutation: You can fly continuously. [Tengu growth]
  1412 | D:3      | Reached XP level 5. HP: 32/32 MP: 6/6
  1927 | D:3      | Reached skill level 5 in Polearms
  1950 | D:3      | Found a glowing drain.
  2088 | D:3      | Reached XP level 6. HP: 35/37 MP: 7/7
  2576 | D:4      | Reached XP level 7. HP: 41/41 MP: 8/8
  2590 | D:4      | Reached skill level 6 in Polearms
  2815 | D:4      | Noticed Edmund
  2816 | D:4      | Noticed Sigmund
  2848 | D:4      | Killed Edmund
  2848 | D:4      | Reached skill level 5 in Dodging
  2858 | D:4      | Killed Sigmund
  3254 | D:4      | Reached skill level 7 in Polearms
  3254 | D:4      | Reached XP level 8. HP: 41/48 MP: 9/9
  3762 | D:4      | Noticed Eustachio
  3836 | D:4      | Killed Eustachio
  4373 | D:5      | Entered Level 5 of the Dungeon
  4600 | D:5      | Found a staircase to the Ecumenical Temple.
  4632 | Temple   | Entered the Ecumenical Temple
  4768 | Temple   | Became a worshipper of Hepliaklqana the Forgotten
  5110 | D:5      | Found Poorih's Jewellery Emporium.
  5222 | D:5      | Reached skill level 8 in Polearms
  5475 | D:6      | Reached skill level 5 in Fighting
  5620 | D:6      | Noticed Menkaure
  5631 | D:6      | Killed Menkaure
  5631 | D:6      | Reached skill level 5 in Armour
  5671 | D:6      | Noticed Pikel
  5686 | D:6      | Killed Pikel
  5686 | D:6      | Reached skill level 1 in Invocations
  5686 | D:6      | Reached XP level 9. HP: 34/48 MP: 9/11
  5758 | D:6      | Noticed Duvessa
  5759 | D:6      | Noticed Dowan
  5771 | D:6      | Killed Duvessa
  5776 | D:6      | Killed Dowan
  5776 | D:6      | Reached skill level 9 in Polearms
  5795 | D:6      | Found a snail-covered altar of Cheibriados.
  5813 | D:6      | Found Afaedghue's Distillery.
  5862 | D:6      | Reached * piety under Hepliaklqana
  6356 | D:7      | Reached skill level 1 in Evocations
  6617 | D:7      | Got a pair of pitted gloves
  6618 | D:7      | Identified the +1 pair of gloves of the Snail {rPois rC+
                  | Int-5 Dex+4} (You found it on level 7 of the Dungeon)
  6719 | D:7      | Reached ** piety under Hepliaklqana
  6720 | D:7      | Remembered your ancestor Mephry as a battlemage
  7105 | D:7      | Found a hide-covered altar of Uskayaw.
  7105 | D:7      | Found an iron altar of Okawaru.
  7105 | D:7      | Found an ornate altar of the Wu Jian Council.
  7228 | D:8      | Reached XP level 10. HP: 47/54 MP: 12/12
  7304 | D:8      | Killed from afar by an electric eel

Levels and vault maps discovered:
D:1:      lemuel_arrival_funnel, layout_basic
D:2:      layout_basic, nemelex_xobeh_ov_fountains_minmay
D:3:      layout_loops_corners, portal_sewer_entry_b
D:4:      minmay_chambers_of_threes, layout_basic, first_ration,
          minmay_checkerbox, uniq_edmund, uniq_sigmund, uniq_eustachio
D:5:      layout_basic, minmay_temple_entry_stoned_glass, serial_shops,
          nicolae_shop_competitors_out_of_business
D:6:      layout_cave_pods, lemuel_crystal_altar, serial_shops, shop,
          minmay_liquid_box, uniq_pikel, uniq_menkaure, uniq_duvessa
D:7:      layout_loops_ring, gammafunk_temple_overflow_claw,
          hangedman_minor_gate_pass
D:8:      layout_rooms, serial_bayou, serial_bayou_lagoon_a,
          serial_bayou_pond_a, serial_bayou_pond_d, serial_bayou_pond_c,
          serial_bayou_pond_c, zaba_anthell
Temple:   eino_temple_rhombus

Skill      XL: |  1  2  3  4  5  6  7  8  9 |
---------------+----------------------------+-----
Armour         | 1 2 3 4 5 6 |  6.2
Polearms       | 4 5 7 8 9 |  9.8
Dodging        | 4 5 6 7 |  7.3
Fighting       | 3 4 5 6 |  6.1
Invocations    | 1 2 |  2.8
Evocations     | 2 |  2.6
Throwing       | |  2.0

Action                   |  1- 3 |  4- 6 |  7- 9 | 10-12 || total
-------------------------+-------+-------+-------+-------++-------
Melee: Trident           |    95 |   155 |    32 |       ||   282
       Kick              |    14 |    28 |    74 |     8 ||   124
       Peck              |    10 |    15 |    40 |     3 ||    68
       Scythe            |       |       |   214 |    11 ||   225
Throw: Throwing net      |       |     1 |     6 |       ||     7
Invok: Recall Ancestor   |       |       |     4 |       ||     4
       Ancestor Identity |       |       |     2 |       ||     2
       Ancestor Life: Ba |       |       |     1 |       ||     1
 Abil: Fly               |       |     1 |       |       ||     1
Evoke: Wand              |       |     1 |     3 |       ||     4
  Use: Scroll            |       |     6 |     4 |       ||    10
       Potion            |       |     2 |     5 |     1 ||     8
 Stab: Sleeping          |     1 |       |       |       ||     1
       Invisible         |       |       |     3 |       ||     3
       Held in net/web   |       |       |     2 |       ||     2
       Distracted        |       |       |     2 |       ||     2
  Eat: Chunk             |       |     6 |     7 |       ||    13
       Ration            |       |       |     2 |       ||     2
Armor: Leather armour    |    18 |       |       |       ||    18
       Chain mail        |     4 |    50 |   102 |       ||   156
       Scale mail        |     3 |       |       |       ||     3
       Plate armour      |       |       |    70 |     2 ||    72
Dodge: Dodged            |    57 |    58 |   225 |     6 ||   346

Table legend:
 A = Non-vault XP
 B = Vault XP
 C = Vault XP percentage of total XP
 D = Non-vault monster count
 E = Vault monster count
 F = Vault count percentage of total count
                 A         B        C        D         E       F
            +---------+---------+-------+---------+---------+-------
      Total |    2688 |    2280 |  45.9 |     136 |      29 |  17.6
            +---------+---------+-------+---------+---------+-------
        D:1 |      73 |       0 |   0.0 |      35 |       0 |   0.0
        D:2 |      35 |       0 |   0.0 |       9 |       0 |   0.0
        D:3 |     168 |      47 |  21.9 |      31 |       6 |  16.2
        D:4 |     416 |     934 |  69.2 |      12 |      14 |  53.8
        D:5 |     354 |       0 |   0.0 |      12 |       0 |   0.0
        D:6 |     170 |    1061 |  86.2 |       7 |       4 |  36.4
        D:7 |     643 |     238 |  27.0 |      17 |       5 |  22.7
        D:8 |     829 |       0 |   0.0 |      13 |       0 |   0.0
            +---------+---------+-------+---------+---------+-------
